 Dungeon Crawl Stone Soup version 0.28-a0-691-gad6df49e81 (webtiles) character file.

Game seed: 15682386695019505243

70 bjtr the Magician (level 4, -1/32 HPs)
             Began as a Demonspawn Hedge Wizard on Oct 21, 2021.
             Slain by a goblin (2 damage)
             ... led by Robin
             ... on level 2 of the Dungeon.
             The game lasted 00:13:25 (2815 turns).

bjtr the Magician (Demonspawn Hedge Wizard)         Turns: 2815, Time: 00:13:27

Health: -1/32      AC:  3    Str: 11    XL:     4   Next: 3%
Magic:  8/10       EV: 12    Int: 16    God:
Gold:   49         SH:  0    Dex: 12    Spells: 8/11 levels left

rFire   . . .      SeeInvis .   r - +0 trident
rCold   . . .      Faith    .   (no shield)
rNeg    + . .      Spirit   .   b - +0 robe
rPois   .          Reflect  .   c - +0 hat
rElec   .          Harm     .   (no cloak)
rCorr   .          Rampage  .   l - +0 pair of gloves
Will    .....                   (no boots)
Stlth   ++........              (no amulet)
HPRegen 0.10/turn               g - ring of positive energy
MPRegen 0.12/turn               (no ring)

@: no status effects
A: demonic guardian 2
a: no special abilities


You were on level 2 of the Dungeon.
You visited 1 branch of the dungeon, and saw 2 of its levels.

You collected 49 gold pieces.

Inventory:

Hand Weapons
 a - a +0 dagger
 e - a +0 whip
 f - a +0 short sword
 q - a +0 dagger of venom
 r - a +0 trident (weapon)
Missiles
 h - 14 bolts
 j - 4 javelins (quivered)
 k - 30 stones
Armour
 b - a +0 robe (worn)
 c - a +0 hat (worn)
 l - a +0 pair of gloves (worn)
 p - a +0 ring mail
Jewellery
 g - a ring of positive energy (left hand)
Scrolls
 i - a scroll of amnesia {unknown}
 m - a scroll of vulnerability {unknown}
 n - a scroll of identify {unknown}
Potions
 d - 2 potions of might
 o - a potion of brilliance {unknown}
 s - a potion of invisibility {unknown}


   Skills:
 * Level 1.1 Fighting
 + Level 1.9 Dodging
 - Level 1.7 Stealth
 + Level 4.1 Spellcasting
 + Level 1.7 Conjurations
 + Level 1.0 Summonings
 + Level 0.8 Translocations


You had 8 spell levels left.
You knew the following spells:

 Your Spells              Type           Power      Damage    Failure   Level
a - Magic Dart            Conj           32%        1d4       9%          1
b - Blink                 Tloc           N/A        N/A       19%         2

Your spell library contained the following spells:

 Spells                   Type           Power      Damage    Failure   Level
 Call Imp                 Summ           6%         N/A       17%         2
 Slow                     Hex            3%         N/A       26%         2
 Conjure Flame            Conj/Fire      6%         6-21      34%         3
 Mephitic Cloud           Conj/Pois/Air  5%         N/A       36%         3


Dungeon Overview and Level Annotations

Branches:
Dungeon (2/15)

Altars:

Annotations:
D:2 Robin


Innate Abilities, Weirdness & Mutations

A demonic guardian rushes to your aid.


Message History

Casting: Magic Dart (safe; 9% risk of failure)
Confirm with . or Enter, or press ? or * to list all spells.
Aiming: Magic Dart (safe; 9% risk of failure)
Press: ? - help, Shift-Dir - straight line, f - hobgoblin
Aim: a hobgoblin, wielding a +0 dagger (wandering, hasn't noticed you, 100% to hit)
The magic dart hits the hobgoblin.
The hobgoblin is lightly wounded.
The hobgoblin shouts!
Robin shouts!
You hear a shout! x3
Robin points. "Kill!"
Robin throws the goblin at you!
The goblin shouts!
You hear a shout! x3
The goblin hits you with a +0 mace.
A demonic guardian appears!
The hobgoblin barely misses your ice devil.
The hobgoblin hits your ice devil but does no damage.
You barely miss the goblin. The goblin misses you.
Your ice devil hits the goblin!
The goblin dies!
You have reached level 4!
You feel stronger.
A goblin comes into view. It is wielding a +0 club.
Robin roars a battlecry!
The goblins go into a battle-frenzy!
You hear a shout!
You barely miss the hobgoblin.
The hobgoblin is lightly wounded.
You hear a shout!
Robin throws the goblin at you!
Your ice devil hits the hobgoblin!
The hobgoblin dies!
The goblin hits you with a +2 dagger of electrocution.
You closely miss the goblin.
A goblin comes into view. It is wielding a +0 dagger of speed.
The goblin hits you with a +2 dagger of electrocution.
You are electrocuted!!
Ouch! That really hurt!
* * * LOW HITPOINT WARNING * * *
Robin barely misses you.
You swap places.
Your ice devil closely misses the goblin.
The goblin hits you with a +2 dagger of electrocution.
You die... #........†...#.....# gg...

#...##.......#.....# ..)...
#...##.............##g.....
#...##..............g......
#...##.......#....#.####......
#............#....g............
#...............))##.##........
##.........#...g4.# ..#.......#
#.........#....@.# #.#.......#
####..>....#......+ .........#
...........###....####........#
..............................#
..............#.......#.####..#
####..........#...............#
##....#....#..............##
#####....#....#..............#
..............##'#'#+#.......##


You could see Robin, 3 goblins and a friendly ice devil (summoned).

Vanquished Creatures
  An adder (D:2)
  A worm (D:1)
  3 orcs (D:2)
  5 ball pythons
  9 endoplasms
  5 goblins
  4 hobgoblins
  5 kobolds
  3 quokkas
  4 bats
  A frilled lizard (D:1)
41 creatures vanquished.

Vanquished Creatures (collateral kills)
  A bat (D:2)
  A goblin (D:2)
  A hobgoblin (D:2)
3 creatures vanquished.

Grand Total: 44 creatures vanquished

Notes
Turn   | Place    | Note
-------+----------+-------------------------------------------
     0 | D:1      | bjtr the Demonspawn Hedge Wizard began the quest for the
                  | Orb.
     0 | D:1      | Reached XP level 1. HP: 13/13 MP: 4/4
   393 | D:1      | Gained mutation: A weak demonic guardian rushes to your
                  | aid. [demonic ancestry]
   393 | D:1      | Reached XP level 2. HP: 7/20 MP: 1/6
   650 | D:1      | Learned a level 2 spell: Blink
  1083 | D:1      | Found a faded altar of an unknown god.
  1571 | D:2      | Gained mutation: A demonic guardian rushes to your aid.
                  | [demonic ancestry]
  1571 | D:2      | Reached XP level 3. HP: 25/25 MP: 5/8
  1827 | D:2      | Reached skill level 4 in Spellcasting
  2269 | D:1      | Reached skill level 1 in Fighting
  2802 | D:2      | Noticed Robin
  2810 | D:2      | Reached XP level 4. HP: 26/32 MP: 8/10
  2814 | D:2      | HP: 1/32 [goblin[Robin] (20)]
  2815 | D:2      | Slain by a goblin

Illustrated notes

Levels and vault maps discovered:
D:1:      amcnicky_arrival_abandoned_market, layout_basic,
          shapermc_ecumenical_altar_starsandcircs
D:2:      layout_basic, st_stairs_3, uniq_robin

Skill      XL: |  1  2  3 |
---------------+----------+-----
Spellcasting   | 4 |  4.1
Fighting       | 1 |  1.1
Dodging        | |  1.9
Stealth        | |  1.7
Conjurations   | |  1.7
Summonings     | |  1.0
Translocations | |  0.8

Action                   |  1- 3 |  4- 6 || total
-------------------------+-------+-------++-------
Melee: Dagger            |     7 |       ||     7
       Short sword       |    47 |       ||    47
       Trident           |     1 |     2 ||     3
Throw: Stone             |     4 |       ||     4
 Cast: Magic Dart        |   113 |       ||   113
  Use: Potion            |     1 |       ||     1
 Stab: Sleeping          |     1 |       ||     1
Armor: Robe              |    27 |     1 ||    28
Dodge: Dodged            |    58 |     1 ||    59

Table legend: (Time is in decaauts)
 A = Elapsed time spent in this place.
 B = Non-inter-level travel time spent in this place.
 C = Inter-level travel time spent in this place.
 D = Time resting spent in this place.
 E = Time spent auto-exploring this place.
 F = Levels seen in this place.
 G = Mean time per level.
                   A        B        C        D        E       F      G
               +--------+--------+--------+--------+--------+-----+--------+
         Total |   2822 |   2705 |    117 |   1038 |   1097 |   2 | 1411.0 |
       Dungeon |   2822 |   2705 |    117 |   1038 |   1097 |   2 | 1411.0 |
               +--------+--------+--------+--------+--------+-----+--------+

Top non-repeatable levels by time:
     D:1: 1839 daAuts
     D:2: 983 daAuts
